 Dungeon Crawl Stone Soup version 0.26-a0-835-g8259106e14 (webtiles) character file.

Game seed: 676243318371408637

2818 jasper the Basher (level 9, -2/79 HPs)
             Began as a Palentonga Delver on Nov 17, 2020.
             Was a Believer of Wu Jian.
             Slain by Harold
             ... wielding a +0 halberd
              (7 damage)
             ... on level 7 of the Dungeon.
             The game lasted 00:12:38 (6735 turns).

jasper the Basher (Palentonga Delver)               Turns: 6735, Time: 00:12:39

Health: -2/79      AC: 18    Str: 23 (25) XL:     9   Next: 44%
Magic:  9/9        EV:  9    Int: 10 (11) God:    Wu Jian [**....]
Gold:   765        SH:  8    Dex:  9 (11) Spells: 8/8 levels left

rFire    + . .     SeeInvis +   i - +2 morningstar (protect)
rCold    . . .     Faith    .   H - +0 buckler (curse)
rNeg     + . .     Spirit   .   z - +3 ring mail {rN+}
rPois    .         Reflect  +   u - +0 helmet
rElec    .         Harm     .   (no cloak)
rCorr    .         Rampage  .   w - +0 pair of gloves
MR       .....                  (no barding)
Stlth    +.........             M - amulet of reflection
HPRegen  0.23/turn              t - +6 ring of strength
MPRegen  0.11/turn              n - ring of protection from fire

@: curled up
A: large, rugged brown scales 3, see invisible, deformed body, roll 1, armoured
tail, reflexive curl
a: Rolling Charge, Wall Jump, Renounce Religion


You were on level 7 of the Dungeon.
You worshipped Wu Jian.
Wu Jian was pleased with you.
You visited 1 branch of the dungeon, and saw 7 of its levels.

You collected 765 gold pieces.

Inventory:

Hand Weapons
 a - a +0 falchion
 f - a +3 scythe of flaming
 i - a +2 morningstar of protection (weapon)
 L - a +4 flail of draining
Missiles
 h - 246 stones (quivered)
 m - 37 poisoned darts
 D - 12 boomerangs
Armour
 b - a +0 leather armour
 j - a +0 crystal plate armour
 u - a +0 helmet (worn)
 w - a +0 pair of gloves (worn)
 z - a +3 ring mail of positive energy (worn)
 H - a cursed +0 buckler (worn)
Jewellery
 n - a ring of protection from fire (right hand)
 t - a +6 ring of strength (left hand)
 y - an uncursed ring of protection from fire
 M - an amulet of reflection (around neck)
Wands
 g - a wand of digging (3)
 v - a wand of polymorph (5)
 B - a wand of acid (2)
 E - a wand of random effects (21)
Scrolls
 c - 2 scrolls of fog
 d - 3 scrolls of magic mapping
 e - 2 scrolls of fear
 l - 6 scrolls of remove curse
 p - 5 scrolls of teleportation {unknown}
 q - 6 scrolls of identify {unknown}
 x - a scroll of enchant armour {unknown}
 A - 4 scrolls of enchant weapon {unknown}
 F - 2 scrolls of random uselessness {unknown}
 N - a scroll of immolation {unknown}
 O - a scroll of noise {unknown}
Potions
 s - 2 potions of flight
 C - a potion of lignification
 G - a potion of attraction
 I - a potion of degeneration
 K - a potion of curing {unknown}


   Skills:
 + Level 5.1 Fighting
 - Level 3.0 Long Blades
 + Level 10.9 Maces & Flails
 + Level 3.2 Armour
 - Level 1.5 Dodging
 - Level 3.3 Stealth
 + Level 1.7 Shields


You had 8 spell levels left.
You didn't know any spells.
Your spell library contained the following spells:

 Spells                   Type           Power        Failure   Level
 Sting                    Tmut/Pois      #...         56%         1
 Poisonous Vapours        Pois/Air       #.....       71%         2
 Ignite Poison            Fire/Tmut/Pois #.......     90%         3
 Mephitic Cloud           Conj/Pois/Air  #.......     90%         3
 Olgreb's Toxic Radiance  Pois           #.......     100%        4


Dungeon Overview and Level Annotations

Branches:
Dungeon (7/15)
 Temple: D:4-7

Altars:
Hepliaklqana
Wu Jian

Annotations:
D:7 Harold


Innate Abilities, Weirdness & Mutations

You are completely covered in rugged brown scales. (AC +3, +7% HP)
You have supernaturally acute eyesight. (SInv)
Armour fits poorly on your strangely shaped body.
You can roll at nearby foes to attack.
You have a long armoured tail.
You curl defensively after being hit.


Message History

You block the jackal's attack. Harold hits you but does no damage.
The jackal bites you but does no damage.
The ogre hits you with a cursed -3 giant club!
* * * LOW HITPOINT WARNING * * *
The jackal bites you but does no damage.
You take 16 damage, and have 7/118 hp.
It was a potion of cancellation.
Your magical effects are unravelling.
You feel magically purged.
You feel less wooden.
Your +0 helmet unmelds from your body.
Your +0 pair of gloves unmelds from your body.
Your +3 ring mail of positive energy unmelds from your body.
You feel more protected from negative energy.
You feel a little less clever now.
Your resistance to elements expires.
The sentinel's mark upon you fades away.
You feel less attractive to monsters. The jackal barely misses you.
The jackal closely misses you. Harold hits you with a +0 halberd!
You die...

#.####.###.###.....
#................#.#
#####...###... ..#
##...# #.#
##....####.#
#.###....... ##.#
#.##.## #.
#..###.....#...
#.#.h@O#...O...
#.##h#@..(.....
#.##.#.....(...
#.##.###)..#.##
#.##.# .......
...... ...####
...### ...# ...#
.#.#


You could see Harold, an ogre and 2 jackals.

Vanquished Creatures
  Grinder (D:6)
  Sigmund (D:3)
  Eustachio (D:6)
  Edmund (D:6)
  A sky beast (D:5)
  3 ogres
  A phantom (D:4)
  2 centaurs
  A gnoll sergeant (D:7)
  A scorpion (D:6)
  5 howler monkeys
  An electric eel (D:6)
  A bullfrog zombie (D:6)
  A centaur skeleton (D:5)
  3 hounds
  2 bullfrog skeletons
  An orc priest (D:5)
  5 orc wizards
  A gnoll shaman (D:6)
  Jessica (D:3)
  Ijyb (D:3)
  Natasha (thrice) (D:4)
  9 worker ants
  2 hound skeletons (D:4)
  Robin (D:2)
  13 adders
  21 gnolls
  2 ufetubi (D:5)
  An ooze (D:1)
  4 worms
  A dart slug (D:2)
  5 leopard geckos
  26 orcs
  4 ball pythons
  6 giant cockroaches
  15 goblins
  8 hobgoblins
  3 jackals
  5 kobolds
  2 quokkas
  4 bats
  6 frilled lizards
  A leopard gecko skeleton (D:4)
  A leopard gecko zombie (D:5)
  5 rats
183 creatures vanquished.

Notes
Turn   | Place    | Note
-------+----------+-------------------------------------------
     0 | D:5      | jasper the Palentonga Delver began the quest for the Orb.
     0 | D:5      | Reached XP level 1. HP: 20/20 MP: 1/1
    13 | D:4      | Noticed an ogre
    34 | D:4      | Reached XP level 2. HP: 24/27 MP: 2/2
    71 | D:4      | Found an ornate altar of the Wu Jian Council.
   137 | D:4      | Reached skill level 1 in Maces & Flails
   165 | D:4      | Noticed Natasha
   170 | D:4      | Killed Natasha
   171 | D:4      | Reached skill level 2 in Maces & Flails
   171 | D:4      | Reached XP level 3. HP: 17/33 MP: 3/3
   343 | D:2      | Reached XP level 4. HP: 29/40 MP: 4/4
   458 | D:2      | Reached skill level 3 in Maces & Flails
  1401 | D:2      | Reached skill level 4 in Maces & Flails
  1578 | D:2      | Reached XP level 5. HP: 48/48 MP: 5/5
  2047 | D:2      | Noticed Robin
  2064 | D:2      | Killed Robin
  2066 | D:2      | Reached skill level 5 in Maces & Flails
  2297 | D:3      | Noticed Sigmund
  2448 | D:3      | Killed Sigmund
  2449 | D:3      | Reached skill level 6 in Maces & Flails
  2449 | D:3      | Reached XP level 6. HP: 43/54 MP: 6/6
  2791 | D:3      | Noticed Ijyb
  2802 | D:3      | Killed Ijyb
  3024 | D:3      | Noticed Jessica
  3030 | D:3      | Killed Jessica
  3173 | D:3      | Gained mutation: You curl defensively after being hit.
                  | [Palentonga growth]
  3173 | D:3      | Reached XP level 7. HP: 60/60 MP: 7/7
  3260 | D:4      | Reached skill level 7 in Maces & Flails
  3862 | D:4      | Noticed Natasha
  3873 | D:4      | Killed Natasha
  3886 | D:4      | Noticed Natasha
  3897 | D:4      | Killed Natasha
  4018 | D:4      | Reached skill level 8 in Maces & Flails
  4254 | D:4      | Reached skill level 9 in Maces & Flails
  4254 | D:4      | Reached XP level 8. HP: 43/67 MP: 8/8
  4719 | D:4      | Became a worshipper of the Wu Jian Council
  4854 | D:5      | Reached skill level 10 in Maces & Flails
  5061 | D:5      | Reached skill level 1 in Armour
  5475 | D:5      | Reached * piety under Wu Jian
  5690 | D:6      | Noticed Grinder
  5698 | D:6      | Killed Grinder
  5716 | D:6      | Reached XP level 9. HP: 67/75 MP: 9/9
  5786 | D:6      | Noticed Edmund
  6008 | D:6      | Noticed Eustachio
  6041 | D:6      | Killed Eustachio
  6042 | D:6      | Reached skill level 1 in Shields
  6122 | D:6      | Found a hazy altar of Hepliaklqana.
  6131 | D:6      | Killed Edmund
  6470 | D:6      | Reached ** piety under Wu Jian
  6471 | D:6      | Reached skill level 5 in Fighting
  6702 | D:7      | Noticed Harold
  6735 | D:7      | Slain by Harold

Illustrated notes

Levels and vault maps discovered:
D:1:      dpeg_arrival_tiny_d, layout_rooms
D:2:      layout_rooms, minmay_octomino_e4, uniq_robin
D:3:      layout_basic, uniq_sigmund, uniq_ijyb, uniq_jessica
D:4:      minmay_polygon_palace, layout_basic, lemuel_crystal_altar,
          serial_rivers, chequers_serial_rivers_room_b,
          chequers_serial_rivers_small_b, chequers_serial_rivers_micro_e,
          chequers_serial_rivers_large_a, chequers_serial_rivers_micro_b,
          chequers_serial_rivers_marsh, guppyfry_early_lair_pool, uniq_natasha
D:5:      layout_loops_cross
D:6:      layout_cave_pools, basic_altar, kennysheep_diamond, grunt_decor_cap,
          solitary_fountain, uniq_grinder, uniq_edmund, uniq_eustachio
D:7:      layout_loops_ring, minmay_temple_entry_butterflies,
          minmay_misc_feat_chi, uniq_harold, uniq_duvessa, uniq_menkaure

Skill      XL: |  1  2  3  4  5  6  7  8  9 |
---------------+----------------------------+-----
Long Blades    | 3 |  3.0
Maces & Flails | 2 4 6 9 10 | 10.9
Armour         | 2 3 |  3.2
Fighting       | 4 5 |  5.1
Shields        | 1 |  1.7
Dodging        | |  1.5
Stealth        | |  3.3

Action                   |  1- 3 |  4- 6 |  7- 9 || total
-------------------------+-------+-------+-------++-------
Melee: Falchion          |     6 |       |       ||     6
       Morningstar       |    10 |   173 |   327 ||   510
       Tailslap          |     1 |    23 |    40 ||    64
Throw: Stone             |       |     8 |    22 ||    30
Invok: Lunge             |       |       |     5 ||     5
 Abil: Rolling Charge    |       |       |    27 ||    27
Evoke: Wand              |       |       |     8 ||     8
  Use: Scroll            |       |     1 |     2 ||     3
       Potion            |       |     1 |     8 ||     9
 Stab: Sleeping          |     3 |     3 |       ||     6
       Distracted        |       |       |     2 ||     2
Armor: Leather armour    |     4 |    85 |       ||    89
       Ring mail         |       |     6 |   198 ||   204
       Skin              |       |       |    18 ||    18
Dodge: Dodged            |     5 |    94 |   142 ||   241
Block: Buckler           |       |       |    16 ||    16
       Reflection        |       |       |     1 ||     1
       Rpst.: Falchion   |     1 |       |       ||     1

Table legend: (Time is in decaauts)
 A = Elapsed time spent in this place.
 B = Non-inter-level travel time spent in this place.
 C = Inter-level travel time spent in this place.
 D = Time resting spent in this place.
 E = Time spent auto-exploring this place.
 F = Levels seen in this place.
 G = Mean time per level.
                   A        B        C        D        E       F      G
               +--------+--------+--------+--------+--------+-----+--------+
         Total |   6806 |   6505 |    301 |    864 |   4266 |   7 |  972.3 |
       Dungeon |   6806 |   6505 |    301 |    864 |   4266 |   7 |  972.3 |
               +--------+--------+--------+--------+--------+-----+--------+

Top non-repeatable levels by time:
     D:4: 1732 daAuts
     D:2: 1080 daAuts
     D:3: 1054 daAuts
     D:5: 956 daAuts
     D:1: 934 daAuts
     D:6: 876 daAuts
     D:7: 171 daAuts
